 Dungeon Crawl Stone Soup version 0.27-a0-1196-g3e9cee4cb2 (webtiles) character file.

Game seed: 10201495888740357266

4867 polio18 the Grappler (level 10, -9/94 HPs)
             Began as a Troll Monk on May 28, 2021.
             Was a Priest of Qazlal.
             Mangled by an orc knight
             ... wielding a +0 glaive
              (45 damage)
             ... in a bailey.
             The game lasted 00:26:15 (5833 turns).

polio18 the Grappler (Troll Monk)                   Turns: 5833, Time: 00:26:16

Health: -9/94      AC: 10    Str: 24    XL:     10   Next: 26%
Magic:  9/9        EV: 12    Int:  6    God:    Qazlal [***...]
Gold:   238        SH:  4    Dex: 12    Spells: 9/9 levels left

rFire    . . .     SeeInvis .     - Unarmed
rCold    . . .     Faith    .   (no shield)
rNeg     . . .     Spirit   .   a - +1 robe
rPois    .         Reflect  .   (helmet restricted)
rElec    .         Harm     .   f - +0 cloak
rCorr    .         Rampage  .   (gloves unavailable)
Will     +....                  (boots unavailable)
Stlth    +.........             (no amulet)
HPRegen  1.25/turn              x - +4 ring of protection
MPRegen  0.11/turn              k - ring of willpower

@: no status effects
A: large, unfitting armour, claws 3, regeneration 1, shaggy fur 1, tough skin 1
a: Renounce Religion, Upheaval, Elemental Force


You were in a bailey.
You worshipped Qazlal.
Qazlal was most pleased with you.
You visited 2 branches of the dungeon, and saw 9 of its levels.
You also visited: Bailey.

You collected 238 gold pieces.

Inventory:

Hand Weapons
 d - a +1 great mace
Armour
 a - a +1 robe (worn)
 f - a +0 cloak (worn)
Jewellery
 g - a ring of positive energy
 h - a ring of positive energy
 k - a ring of willpower (right claw)
 r - a +4 ring of evasion
 x - a +4 ring of protection (left claw)
Wands
 j - a wand of digging (4)
 p - a wand of iceblast (21)
Scrolls
 e - a scroll of teleportation
 s - a scroll of enchant armour
 w - 4 scrolls of magic mapping
Potions
 c - 3 potions of curing
 o - 2 potions of ambrosia
 t - a potion of haste


   Skills:
 + Level 4.7 Fighting
 + Level 1.8 Throwing
 + Level 6.4 Dodging
 - Level 1.0 Stealth
 + Level 1.6 Shields
 + Level 12.1 Unarmed Combat


You had 9 spell levels left.
You didn't know any spells.
Your spell library contained the following spells:

 Spells                   Type           Power      Damage    Failure   Level
 Animate Skeleton         Necr           0%         N/A       45%         1
 Apportation              Tloc           0%         N/A       45%         1
 Beastly Appendage        Tmut           0%         N/A       45%         1
 Corona                   Hex            0%         N/A       45%         1
 Summon Small Mammal      Summ           0%         N/A       45%         1
 Ensorcelled Hibernation  Hex/Ice        0%         N/A       58%         2
 Wereblood                Tmut           0%         N/A       58%         2
 Confusing Touch          Hex            0%         N/A       83%         3
 Dazzling Flash           Conj/Hex       0%         N/A       83%         3
 Spider Form              Tmut/Pois      0%         N/A       83%         3
 Tukima's Dance           Hex            0%         N/A       83%         3
 Ice Form                 Ice/Tmut       0%         N/A       99%         4
 Hydra Form               Tmut           0%         N/A       100%        5


Dungeon Overview and Level Annotations

Branches:
Dungeon (8/15)             Temple (1/1) D:4          Bailey (1/1)
   Lair: D:8-11

Altars:
Ashenzari
Cheibriados
Dithmenos
Elyvilon
Fedhas
Gozag
Hepliaklqana
Kikubaaqudgha
Makhleb
Nemelex Xobeh
Okawaru
Qazlal
Ru
Sif Muna
Trog
Uskayaw
Vehumet
Wu Jian
Xom
Yredelemnul
Zin
The Shining One

Shops:
D:5 *


Innate Abilities, Weirdness & Mutations

You are too large for most types of armour.
You have claws for hands.
Your natural rate of healing is unusually fast.
You are covered in fur. (AC +1)
You have tough skin. (AC +1)


Message History

Throw: javelin
Press: ? - help, Q - select action, (/) - cycle Shift-Dir - straight line, f/p - orc knight
Aim: an orc knight, wielding a +0 glaive and wearing a +0 scale mail (strong, 51% to hit)
You throw a javelin.
The javelin closely misses the orc knight.
The javelin pierces through the orc warrior but does no damage.
There is an open door here.
The orc knight roars a battlecry!
The orc knight goes into a battle-frenzy!
There is an open door here.
The orc shouts!
The orc closely misses you.
You scratch the orc.
The orc is almost dead.
The orc misses you.
You mangle the orc!!
You kill the orc!
Qazlal accepts your kill.
The orc warrior no longer looks unusually strong.
The orc knight roars a battlecry!
The orc warrior goes into a battle-frenzy!
You now have 238 gold pieces (gained 68).
Things that are here:
a +0 trident; a +0 scale mail; an orc corpse
There is a large open door here.
There is a large open door here.
There is a large open door here.
There is a large open door here.
Things that are here:
a +0 trident; a +0 scale mail; an orc corpse The orc knight roars a battlecry!
The orcs go into a battle-frenzy!
There is an open door here.
The orc knight hits you from afar with a +0 glaive!
The orc knight hits you from afar with a +0 glaive!!
The orc knight hits you from afar with a +0 glaive.
The orc warrior hits you from afar with a +0 bardiche!
The orc warrior no longer looks unusually strong.
The orc knight hits you from afar with a +0 glaive!!!
You die...

.≈.#############'###'#########.≈.
.≈.## +#.........##.....##.≈.
.≈..## ##..≈≈≈≈≈≈§§§##...##..≈.
.≈≈..## #..≈≈....§§≈§.##.##..≈≈.
#.≈≈..# ..§§..⌠∩⌠§§§§..#'#..≈≈.∩
∩.≈≈..# ..≈≈...⌠oo§≈≈..#'#..≈≈.#
.≈≈..## #..≈≈..(oo≈≈..'#)##..≈≈.
.≈..## #..≈≈≈§≈≈≈..##...##..≈.
.≈.##.$$$. #...○@§...##.....##.≈.
.≈)####### #####+#############.≈.
.≈))##### ##........).≈.
.≈≈≈≈≈≈≈####### ##..≈≈≈≈≈≈≈≈≈≈.
.........##...## ##..≈≈..........
#######.##..≈))###..≈≈..#########
####...##...≈≈)....≈≈..##
#∩..#######..≈≈≈≈≈≈≈..## ∩####
##.........##


You could see 2 orc knights and 2 orc warriors.

Vanquished Creatures
  Pikel (D:7)
  2 centaur zombies
  6 yaks (D:8)
  Sigmund (D:2)
  A wyvern (D:8)
  2 steam dragons (D:8)
  A water moccasin (D:6)
  A hornet zombie (D:7)
  2 ice beasts
  3 sky beasts
  A black bear (D:6)
  6 orc warriors
  An ogre (D:7)
  2 bullfrogs (D:7)
  A wyvern zombie (D:6)
  3 scorpions
  A howler monkey (D:8)
  A bullfrog zombie (D:6)
  A bullfrog skeleton (D:6)
  A jelly (D:2)
  4 orc priests
  3 hounds
  2 iguanas
  11 orc wizards
  2 killer bee zombies
  2 adders
  2 white imps
  An ufetubus (D:5)
  An adder skeleton (D:2)
  3 worms
  2 dart slugs
  32 orcs
  4 ball pythons
  9 endoplasms
  3 giant cockroaches (D:1)
  3 goblins (D:2)
  6 hobgoblins
  3 jackals (D:4)
  3 quokkas
  3 bats
  2 frilled lizards
  4 kobolds
143 creatures vanquished.

Vanquished Creatures (others)
  An orc wizard (D:8)
1 creature vanquished.

Grand Total: 144 creatures vanquished

Notes
Turn   | Place    | Note
-------+----------+-------------------------------------------
     0 | D:1      | polio18 the Troll Monk began the quest for the Orb.
     0 | D:1      | Reached XP level 1. HP: 22/22 MP: 0/0
   136 | D:1      | Found a faded altar of an unknown god.
   161 | D:1      | Reached XP level 2. HP: 29/29 MP: 1/1
   681 | D:2      | Reached XP level 3. HP: 36/36 MP: 2/2
   727 | D:2      | Noticed Sigmund
   738 | D:2      | Killed Sigmund
   739 | D:2      | Reached skill level 4 in Unarmed Combat
   739 | D:2      | Reached XP level 4. HP: 44/45 MP: 3/3
   739 | D:2      | Reached XP level 5. HP: 52/53 MP: 4/4
   770 | D:2      | Reached skill level 5 in Unarmed Combat
  1185 | D:3      | Reached XP level 6. HP: 53/61 MP: 5/5
  2034 | D:4      | Found a staircase to the Ecumenical Temple.
  2059 | Temple   | Entered the Ecumenical Temple
  2356 | Temple   | Became a worshipper of Qazlal Stormbringer
  2356 | Temple   | Reached * piety under Qazlal
  2356 | Temple   | Reached ** piety under Qazlal
  2724 | D:5      | Entered Level 5 of the Dungeon
  2778 | D:5      | Identified the +7 short sword of Tomorrow {elec, *Rage
                  | rF+++ rN+ Str-5}
  2978 | D:5      | Found Lasiuli's General Store.
  3013 | D:5      | Reached skill level 6 in Unarmed Combat
  3125 | D:5      | Reached XP level 7. HP: 65/67 MP: 6/6
  3619 | D:6      | Reached skill level 7 in Unarmed Combat
  3701 | D:6      | Reached skill level 8 in Unarmed Combat
  3701 | D:6      | Reached XP level 8. HP: 78/78 MP: 7/7
  3859 | D:6      | Reached skill level 9 in Unarmed Combat
  4396 | D:7      | Reached skill level 5 in Dodging
  4423 | D:7      | Reached skill level 10 in Unarmed Combat
  4423 | D:7      | Reached XP level 9. HP: 62/84 MP: 8/8
  4746 | D:7      | Noticed Pikel
  4755 | D:7      | Killed Pikel
  4756 | D:7      | Reached skill level 1 in Shields
  4867 | D:7      | Found a sacrificial altar of Ru.
  5116 | D:7      | Reached *** piety under Qazlal
  5229 | D:8      | Found a flagged portal.
  5237 | D:8      | Reached skill level 11 in Unarmed Combat
  5326 | D:8      | Reached XP level 10. HP: 50/94 MP: 9/9
  5334 | D:8      | Reached skill level 12 in Unarmed Combat
  5383 | Bailey   | Entered a bailey
  5589 | Bailey   | Reached skill level 1 in Throwing
  5725 | Bailey   | Noticed an orc knight
  5726 | Bailey   | Noticed an orc knight
  5833 | Bailey   | Mangled by an orc knight

Illustrated notes

Levels and vault maps discovered:
D:1:      minmay_arrival_radiant_lines, layout_loops_ring,
          hellmonk_ecumenical_altar_lost_god
D:2:      layout_rooms, guppyfry_early_orc_mine, uniq_sigmund
D:3:      layout_rooms, minivault_23
D:4:      layout_cave_pools, minmay_temple_entry_wispy, serial_forest,
          infiniplex_forest_straight_2, infiniplex_forest_lined_ring,
          infiniplex_forest_lined_ring, infiniplex_forest_end_2,
          infiniplex_forest_lined_2, infiniplex_forest_clump_double,
          infiniplex_forest_lined_2, infiniplex_forest_end_1, minivault_1
D:5:      layout_gridville, serial_shops, kennysheep_little_box,
          item_on_display_a
D:6:      layout_gridville
D:7:      layout_loops_ring, nicolae_ru_path_of_blood, hex_medium, uniq_pikel
D:8:      layout_loops_ring, enter_bailey_1, uniq_maggie, uniq_harold
Temple:   compressed_dpeg_triangle_lava_temple
Bailey:   bailey_polearm_1, bailey

Skill      XL: |  1  2  3  4  5  6  7  8  9 10 |
---------------+-------------------------------+-----
Fighting       | 3 4 |  4.7
Dodging        | 3 4 5 6 |  6.4
Unarmed Combat | 4 5 6 8 10 11 12 | 12.1
Shields        | 1 |  1.6
Throwing       | 1 |  1.8
Stealth        | |  1.0

Action                   |  1- 3 |  4- 6 |  7- 9 | 10-12 || total
-------------------------+-------+-------+-------+-------++-------
Melee: Unarmed           |    56 |   121 |   204 |    30 ||   411
       Punch             |       |     2 |    11 |     2 ||    15
Throw: Boomerang         |       |       |       |   104 ||   104
       Javelin           |       |       |       |     3 ||     3
  Use: Scroll            |       |     9 |     7 |       ||    16
       Potion            |       |     7 |     4 |       ||    11
 Stab: Sleeping          |     3 |     3 |       |       ||     6
Armor: Robe              |    10 |    23 |    77 |    10 ||   120
Dodge: Dodged            |    22 |    49 |    63 |    43 ||   177
Block: Other             |       |     3 |    25 |    13 ||    41

Table legend: (Time is in decaauts)
 A = Elapsed time spent in this place.
 B = Non-inter-level travel time spent in this place.
 C = Inter-level travel time spent in this place.
 D = Time resting spent in this place.
 E = Time spent auto-exploring this place.
 F = Levels seen in this place.
 G = Mean time per level.
                   A        B        C        D        E       F      G
               +--------+--------+--------+--------+--------+-----+--------+
         Total |   5798 |   5603 |    195 |     65 |   3951 |  10 |  579.8 |
       Dungeon |   5009 |   4826 |    183 |     65 |   3676 |   8 |  626.1 |
        Temple |    310 |    298 |     12 |      0 |    275 |   1 |  310.0 |
        Bailey |    478 |    478 |      0 |      0 |      0 |   1 |  478.0 |
               +--------+--------+--------+--------+--------+-----+--------+

Top non-repeatable levels by time:
     D:6: 859 daAuts
     D:7: 827 daAuts
     D:5: 790 daAuts
     D:4: 696 daAuts
     D:1: 604 daAuts
     D:2: 559 daAuts
     D:3: 530 daAuts
  Bailey: 478 daAuts
  Temple: 310 daAuts
     D:8: 140 daAuts
